 Dungeon Crawl Stone Soup version 0.19-a0-1735-g048f9dc (webtiles) character file.

77 JeffiDaFish the Firebug (level 4, 0/34 HPs)
             Began as a Draconian Fire Elementalist on Oct 1, 2016.
             Succumbed to a worker ant's poison
             ... on level 3 of the Dungeon.
             The game lasted 00:09:27 (2751 turns).

JeffiDaFish the Firebug (DrFE)                      Turns: 2751, Time: 00:09:27

Health: 0/34       AC:  5    Str: 12    XL:     4   Next: 14%
Magic:  7/8        EV: 12    Int: 15    God:
Gold:   170        SH:  0    Dex: 11    Spells: 2 memorised, 5 levels left

rFire  . . .     SeeInvis .     g - +0 long sword
rCold  + . .     Gourm    .     (armour unavailable)
rNeg   . . .     Faith    .     (no shield)
rPois  .         Spirit   .     (helmet restricted)
rElec  .         Dismiss  .     (no cloak)
rCorr  .         Reflect  .     (no gloves)
MR     .....     Harm     .     (no boots)
Stlth  +++.......               (no amulet)
                                h - ring of protection from cold
                                e - ring of stealth

@: lethally poisoned (0 -> -17)
A: unfitting armour, cold-blooded, AC +5
a: no special abilities


You were on level 3 of the Dungeon.
You were not hungry.

You visited 1 branch of the dungeon, and saw 4 of its levels.

You collected 170 gold pieces.

Inventory:

Hand Weapons
 g - a +0 long sword (weapon)
Jewellery
 e - a ring of stealth (left hand)
 h - a ring of protection from cold (right hand)
Scrolls
 f - a scroll of identify
Books
 a - a book of Flames

   Spells                             Type                      Level
   a - Flame Tongue                   Conjuration/Fire             1
   b - Throw Flame                    Conjuration/Fire             2
   c - Conjure Flame                  Conjuration/Fire             3
   d - Inner Flame                    Hexes/Fire                   3
   e - Sticky Flame                   Conjuration/Fire             4
   f - Fireball                       Conjuration/Fire             5
Comestibles
 b - a bread ration
 c - a beef jerky
 d - a meat ration
 i - 3 chunks of flesh


   Skills:
 + Level 0.7 Fighting
 + Level 0.0 Long Blades
 + Level 2.2 Dodging
 + Level 2.0 Stealth
 - Level 0.4 Unarmed Combat
 * Level 2.9 Spellcasting
 + Level 1.4 Conjurations
 + Level 3.5 Fire Magic


You had 5 spell levels left.
You knew the following spells:

 Your Spells              Type           Power        Failure   Level  Hunger
a - Flame Tongue          Conj/Fire      #....        10%         1    #......
b - Throw Flame           Conj/Fire      #.....       12%         2    ##.....


Dungeon Overview and Level Annotations

Branches:
Dungeon (4/15)
 Temple: D:4-7

Altars:
Trog


Innate Abilities, Weirdness & Mutations

Your plain brown scales are hard. (AC +5)
You cannot fit into any form of body armour.
You are cold-blooded and may be slowed by cold attacks.


Message History

You are lethally poisoned!
The worker ant poisons you!
You slash the worker ant!
You tail-slap the worker ant, but do no damage.
The worker ant is severely wounded.
* * * LOW HITPOINT WARNING * * *
You feel sick. The worker ant closely misses you.
You hit the worker ant.
The worker ant is severely wounded.
* * * LOW HITPOINT WARNING * * *
You feel sick. The worker ant closely misses you. The worker ant bites you.
* * * LOW HITPOINT WARNING * * *
Casting: Flame Tongue
Confirm with . or Enter, or press ? or * to list all spells.
Aiming: Flame Tongue
Press: ? - help, Shift-Dir - straight line, f/p - worker ant
Aim: a worker ant (severely wounded)
The flame tongue hits the worker ant.
The worker ant is almost dead.
You die...

#...........# ##..####.######
########....####.<...........#
##### #................####.#
..'.#####...#####...####.# #.#
..##.##.............# #.# #.#
).##.##.#.#.#####...# #.####.#
_.##.##.#.#.# #...# #....#.#
..##รท##.#.#.#####...#######.#.#
..##.##.#.#.....@...........#.#
..^####.#.#...###a########..#.#
#######.#.#...###.########..#.#
####....................<.....#
#...#######....###########..###
###.# #....# #..# #.# #....#
#..# # #.# #....# #..# ###.#
#....###########..#


You could see a worker ant.

Vanquished Creatures
  An adder (D:3)
  2 worms
  3 dart slugs
  3 leopard geckos
  2 orcs (D:3)
  3 giant cockroaches
  4 goblins
  6 hobgoblins
  6 jackals (D:1)
  2 kobolds
  A quokka (D:3)
  8 bats
  6 frilled lizards
  2 rats
49 creatures vanquished.

Notes
Turn   | Place    | Note
-------+----------+-------------------------------------------
     0 | D:1      | JeffiDaFish the Draconian Fire Elementalist began the quest for the Orb.
     0 | D:1      | Reached XP level 1. HP: 14/14 MP: 3/3
   388 | D:1      | Reached XP level 2. HP: 20/20 MP: 3/5
  1548 | D:2      | Reached XP level 3. HP: 26/26 MP: 6/6
  1873 | D:2      | You fall through a shaft!
  1873 | D:3      | Found a bloodstained altar of Trog.
  1932 | D:3      | Learned a level 2 spell: Throw Flame
  2408 | D:3      | Reached XP level 4. HP: 32/34 MP: 8/8
  2751 | D:3      | Succumbed to a worker ant's poison

Vault maps used:
D:1:      dpeg_arrival_prison
D:2:      minmay_domino_4
D:3:      trog_butcher_becter
D:4:      vehumet_crystals, uniq_crazy_yiuf_cottage

Skill      XL: |  1  2  3 |
---------------+----------+-----
Dodging        | 2 |  2.2
Stealth        | 2 |  2.0
Fighting       | |  0.7
Unarmed Combat | |  0.4
Spellcasting   | |  2.9
Conjurations   | |  1.4
Fire Magic     | |  3.5

Action                   |  1- 3 |  4- 6 || total
-------------------------+-------+-------++-------
Melee: Unarmed           |   125 |       ||   125
       Tailslap          |    21 |     2 ||    23
       Punch             |     1 |       ||     1
       Long sword        |    56 |    28 ||    84
 Cast: Flame Tongue      |    26 |     5 ||    31
  Use: Scroll            |     6 |       ||     6
       Potion            |     4 |       ||     4
 Stab: Sleeping          |     8 |       ||     8
       Distracted        |     1 |       ||     1
  Eat: Beef jerky        |     1 |       ||     1
       Chunk             |     4 |     1 ||     5
Armor: Skin              |    84 |     2 ||    86
Dodge: Dodged            |   173 |    23 ||   196
